 Dungeon Crawl Stone Soup version 0.30-b1-2-g02819fbbbe (webtiles) character file.

Game seed: 17541968710731770545

28352 raph the Spear-Bearer (level 13, -19/106 HPs)
             Began as a Merfolk Gladiator on Dec 7, 2023.
             Was an Elder of Zin.
             Killed from afar by a will-o-the-wisp (31 damage)
             ... with a foxfire
             ... on level 3 of the Lair of Beasts.
             The game lasted 00:25:29 (19228 turns).

raph the Spear-Bearer (Merfolk Gladiator)          Turns: 19228, Time: 00:25:30

Health: -19/106    AC: 11    Str: 16    XL:     13   Next: 38%
Magic:  19/19      EV: 24    Int:  7    God:    Zin [****..]
Gold:   525        SH:  9    Dex: 19    Spells: 12/12 levels left

rFire   . . .        a - +1 trident
rCold   . . .        M - +0 buckler
rNeg    . . .        J - +0 acid dragon scales
rPois   .            L - +1 helmet
rElec   .            (no cloak)
rCorr   +            l - +0 pair of gloves
SInv    .            t - +0 pair of boots
Will    +....        H - amulet of reflection
Stlth   +++          r - ring of willpower
HPRegen 0.37/turn    i - +5 ring of evasion
MPRegen 0.16/turn

%: reflection
@: studying Spellcasting
A: (nimble swimmer 2), mertail
a: Renounce Religion, Recite, Vitalisation, Imprison, Donate Gold


You were on level 3 of the Lair of Beasts.
You worshipped Zin.
Zin was greatly pleased with you.
You visited 3 branches of the dungeon, and saw 14 of its levels.
You also visited: Volcano.

You collected 894 gold pieces.
You spent 168 gold pieces at shops.
You donated 201 gold pieces to Zin.

Inventory:

Hand Weapons
 a - a +1 trident (weapon)
 N - a +0 halberd
Missiles
 d - 4 throwing nets
 e - a javelin
 g - 2 boomerangs (quivered)
 p - 25 poisoned darts
Armour
 c - a +0 helmet
 l - a +0 pair of gloves (worn)
 t - a +0 pair of boots (worn)
 w - a +1 leather armour of fire resistance
 J - +0 acid dragon scales (worn)
 L - a +1 helmet (worn)
 M - a +0 buckler (worn)
 O - a +3 leather armour of fire resistance
Jewellery
 i - a +5 ring of evasion (right hand)
 r - a ring of willpower (left hand)
 u - a ring of flight
 A - a ring of poison resistance
 G - a +6 ring of intelligence
 H - an amulet of reflection (around neck)
Wands
 k - a wand of mindburst (12)
 v - a wand of flame (27)
 y - a wand of roots (9)
 R - a wand of charming (4)
Scrolls
 j - a scroll of poison
 m - 4 scrolls of vulnerability
 x - 5 scrolls of teleportation
 E - 4 scrolls of immolation
 F - 2 scrolls of silence
 Q - a scroll of magic mapping
 S - a scroll of blinking
Potions
 b - a potion of haste {unknown}
 f - 6 potions of curing
 h - a potion of berserk rage
 n - a potion of cancellation
 o - 2 potions of flight
 q - 2 potions of brilliance
 s - 3 potions of mutation
 z - a potion of attraction {unknown}
 B - a potion of experience {unknown}
 C - a potion of degeneration {unknown}
 D - 5 potions of resistance
 I - 2 potions of heal wounds {unknown}
 K - 2 potions of magic {unknown}
 P - a potion of might
 T - a potion of invisibility {unknown}


   Skills:
 + Level 11.0 Fighting
 - Level 14.0 Polearms
 + Level 10.1 Throwing
 + Level 3.5 Armour
 + Level 13.3 Dodging
 + Level 5.9 Stealth
 + Level 8.6 Invocations


You had 12 spell levels left.
You didn't know any spells.
Your spell library contained the following spells:

 Spells                   Type           Power      Damage    Failure   Level
 Magic Dart               Conj           0%         1d3       65%         1
 Summon Small Mammal      Summ           0%         N/A       65%         1
 Call Imp                 Summ           0%         N/A       78%         2
 Sublimation of Blood     Necr           0%         N/A       78%         2
 Call Canine Familiar     Summ           0%         N/A       95%         3
 Gell's Gravitas          Tloc           0%         N/A       95%         3
 Mephitic Cloud           Conj/Pois/Air  0%         N/A       95%         3
 Summon Guardian Golem    Hex/Summ       0%         N/A       95%         3
 Teleport Other           Tloc           0%         N/A       95%         3
 Anguish                  Hex/Necr       0%         N/A       100%        4
 Cause Fear               Hex            0%         N/A       100%        4
 Petrify                  Tmut/Erth      0%         N/A       100%        4
 Irradiate                Conj/Tmut      0%         3d11      100%        5
 Dispersal                Tloc           0%         N/A       100%        6
 Enfeeble                 Hex            0%         N/A       100%        7


Dungeon Overview and Level Annotations

Branches:
Dungeon (10/15)            Temple (1/1) D:7            Lair (3/5) D:10
  Swamp (0/4) Lair:3        Snake (0/4) Lair:3      Volcano (visited)
    Orc: D:9-12

Altars:
Ashenzari
Cheibriados
Dithmenos
Elyvilon
Fedhas
Gozag
Hepliaklqana
Kikubaaqudgha
Makhleb
Nemelex Xobeh
Okawaru
Qazlal
Ru
Sif Muna
Trog
Uskayaw
Vehumet
Wu Jian
Xom
Yredelemnul
Zin
The Shining One

Shops:
D:3 [

Annotations:
D:6 2 runed translucent doors, loralnil's ghost, novice NaEn
D:10 2 transporters


Innate Abilities, Weirdness & Mutations

((You are very nimble when in or above water. (Stealth+, EV+, Speed+++)))
Your lower body shifts to a powerful aquatic tail in water.


Message History

You reach to attack!
You barely miss the will-o-the-wisp.
The will-o-the-wisp is moderately damaged.
The will-o-the-wisp gestures.
The will-o-the-wisp conjures some foxfire! 2 foxfires come into view.
You hit the foxfire.
The foxfire is lightly damaged.
The foxfire hits you! The foxfire hits you!!
The will-o-the-wisp gestures.
The will-o-the-wisp conjures some foxfire! 2 foxfires come into view.
You are too injured to fight recklessly!
You are too injured to fight recklessly!
You are too injured to fight recklessly!
You are too injured to fight recklessly!
You are too injured to fight recklessly!
You are too injured to fight recklessly!
You are too injured to fight recklessly!
You are too injured to fight recklessly!
You puncture the foxfire!
The foxfire is lightly damaged.
The foxfire hits you! The foxfire hits you!!
* * * LOW HITPOINT WARNING * * *
Reach: a) +1 trident
Press: ? - help, Dir - move target, f/p - will-o-the-wisp
Aim: a will-o-the-wisp (moderately damaged, about 28% to evade your +1 trident)
You reach to attack!
You puncture the will-o-the-wisp!
The will-o-the-wisp is severely damaged.
Reach: a) +1 trident
Press: ? - help, Dir - move target, f/p - will-o-the-wisp
Aim: a will-o-the-wisp (wisps of flame, severely damaged, about 28% to evade your +1 trident)
You hit the will-o-the-wisp.
The will-o-the-wisp is severely damaged.
The will-o-the-wisp gestures.
The will-o-the-wisp conjures some foxfire! 2 foxfires come into view.
You puncture the will-o-the-wisp!
The will-o-the-wisp is almost destroyed.
The foxfire hits you!!
You die...

.........PP..........
#........P..........
#..................
#..................
##......#########...
#.#......##≈≈≈≈## #...
........##§≈.≈≈≈###...
.P#.##v.#§≈......#.... #
#@v.#§≈.>.........
##v.#≈≈....≈.##...
###..##§§..§####)..
########.....##≈≈§###.....
##...P#P#.#....######......
..................# ####...
.......†........... #....
.~................# #....
>....v...†........# ##...


You could see a will-o-the-wisp.

Vanquished Creatures
  Josephine (D:10)
  A hydra (Lair:1)
  3 two-headed ogres
  3 death yaks (Lair:2)
  A hell hog (Volcano)
  A skyshark (Lair:3)
  4 salamanders
  A black mamba (Lair:2)
  An unseen horror (D:10)
  6 cane toads
  7 komodo dragons
  2 hornets (D:9)
  Grinder (D:4)
  4 blink frogs (Lair:1)
  61 yaks
  A fire bat (Volcano)
  5 wraiths (D:10)
  A basilisk (D:10)
  4 wyverns
  Edmund (D:3)
  4 acid dragons (D:9)
  4 water moccasins
  A hell hound (Volcano)
  A swamp drake (D:10)
  2 orc warriors
  A sky beast (D:7)
  A black bear (D:3)
  2 ice beasts
  8 wolves
  An ogre (D:5)
  7 centaurs
  2 kobold brigands
  Blork the orc (D:6)
  12 bullfrogs
  A scorpion (D:4)
  A wight (D:9)
  5 killer bees (D:9)
  4 howler monkeys
  3 lava snakes (Lair:3)
  A gnoll bouda (D:9)
  4 orc priests
  4 hounds
  2 jellies
  A sleepcap (D:6)
  An iguana (D:6)
  11 orc wizards
  6 gnolls
  7 adders
  3 worms
  6 dart slugs
  25 orcs
  7 endoplasms
  6 giant cockroaches
  15 goblins
  5 hobgoblins
  13 kobolds
  5 quokkas
  5 ball pythons
  7 bats
  4 frilled lizards
  5 rats
313 creatures vanquished.

Vanquished Creatures (others)
  8 foxfires (Lair:3)
  14 fungi
  18 plants
40 creatures vanquished.

Grand Total: 353 creatures vanquished

Notes
Turn   | Place    | Note
-------+----------+-------------------------------------------
     0 | D:1      | raph the Merfolk Gladiator began the quest for the Orb.
     0 | D:1      | Reached XP level 1. HP: 16/16 MP: 1/1
   160 | D:1      | Reached XP level 2. HP: 22/23 MP: 2/2
   672 | D:1      | Reached XP level 3. HP: 28/28 MP: 3/3
  1077 | D:2      | Reached skill level 5 in Polearms
  1209 | D:2      | Reached XP level 4. HP: 34/34 MP: 4/4
  1864 | D:3      | Noticed a black bear
  1899 | D:3      | Killed a black bear
  1900 | D:3      | Reached skill level 6 in Polearms
  1900 | D:3      | Reached skill level 5 in Dodging
  1900 | D:3      | Reached XP level 5. HP: 13/41 MP: 5/5
  2405 | D:3      | Found Bidwo's Armour Shoppe.
  2438 | D:3      | Reached XP level 6. HP: 39/47 MP: 6/6
  2478 | D:3      | Bought a +1 leather armour of fire resistance for 168 gold
                  | pieces
  3073 | D:3      | Found a faded altar of an unknown god.
  3273 | D:4      | Noticed Edmund
  3302 | D:3      | Killed Edmund
  3569 | D:4      | Found an ornate altar of the Wu Jian Council.
  3583 | D:4      | Reached skill level 7 in Polearms
  3607 | D:4      | Noticed Grinder
  3608 | D:4      | Paralysed by Grinder for 3 turns
  3638 | D:4      | Killed Grinder
  3639 | D:4      | Reached XP level 7. HP: 36/54 MP: 7/7
  5057 | D:5      | Entered Level 5 of the Dungeon
  5057 | D:5      | Noticed a two-headed ogre
  5477 | D:5      | Reached skill level 8 in Polearms
  5723 | D:5      | Reached XP level 8. HP: 36/61 MP: 8/8
  6182 | D:6      | Found a runed translucent door.
  6309 | D:6      | Found a runed translucent door.
  6310 | D:6      | Noticed loralnil's ghost (novice NaEn)
  6385 | D:6      | Reached skill level 5 in Fighting
  6394 | D:6      | Reached skill level 9 in Polearms
  6766 | D:6      | Found a shimmering blue altar of Sif Muna.
  6775 | D:6      | Found a shadowy altar of Dithmenos.
  6779 | D:6      | Found a radiant altar of Vehumet.
  6810 | D:6      | Noticed Blork the orc
  6817 | D:6      | Killed Blork the orc
  7350 | D:7      | Reached skill level 5 in Throwing
  7774 | D:7      | Reached skill level 10 in Polearms
  7774 | D:7      | Reached XP level 9. HP: 61/69 MP: 9/9
  8019 | D:7      | Found a staircase to the Ecumenical Temple.
  8040 | Temple   | Entered the Ecumenical Temple
  8118 | Temple   | Became a worshipper of Zin the Law-Giver
  8118 | Temple   | Reached * piety under Zin
  8137 | D:7      | Donated 129 gold pieces to Zin
  8516 | D:7      | Found a sacrificial altar of Ru.
  8953 | D:8      | Reached skill level 11 in Polearms
  9353 | D:8      | Reached ** piety under Zin
  9651 | D:8      | Identified the +3 flail of Light {drain, rPois Str+5 Int+4
                  | Dex-2}
  9900 | D:9      | Noticed a hornet
  9900 | D:9      | Noticed a hornet
  9920 | D:9      | Noticed a two-headed ogre
  9920 | D:9      | Found an iron altar of Okawaru.
  9931 | D:9      | Killed a two-headed ogre
  9932 | D:9      | Reached skill level 12 in Polearms
  9932 | D:9      | Reached skill level 1 in Invocations
  9932 | D:9      | Reached XP level 10. HP: 51/79 MP: 9/11
 10333 | D:9      | Paralysed by a hornet for 2 turns
 10351 | D:9      | Reached skill level 13 in Polearms
 10702 | D:9      | Reached skill level 10 in Dodging
 10719 | D:9      | Reached XP level 11. HP: 47/86 MP: 12/14
 10905 | D:9      | Identified the +4 flail of Purpose {heavy, Dex+2}
 11154 | D:9      | Found a bloodstained altar of Trog.
 11159 | D:9      | Reached skill level 14 in Polearms
 11177 | D:9      | Found an opulent altar of Gozag.
 11356 | D:10     | Entered Level 10 of the Dungeon
 11485 | D:10     | Found a transporter.
 11600 | D:10     | Noticed a thrashing horror
 11601 | D:10     | Noticed a cyan ugly thing
 11601 | D:10     | Noticed a salamander
 11602 | D:10     | Noticed a red ugly thing
 11603 | D:10     | Noticed a cyan ugly thing
 11641 | D:10     | Reached skill level 5 in Invocations
 11694 | D:10     | Reached *** piety under Zin
 11967 | D:10     | Found a transporter.
 11971 | D:10     | Identified the +5 flail "Usoujof" {flame, Will+}
 12220 | D:10     | Noticed a two-headed ogre
 12232 | D:10     | Killed a two-headed ogre
 12442 | D:10     | Noticed Josephine
 12457 | D:10     | Killed Josephine
 13284 | D:10     | Reached XP level 12. HP: 92/96 MP: 16/16
 13308 | D:10     | Found a staircase to the Lair.
 13385 | Lair:1   | Entered Level 1 of the Lair of Beasts
 13819 | Lair:1   | Noticed a four-headed hydra
 13823 | Lair:1   | Reached skill level 1 in Stealth
 13835 | Lair:1   | Killed a four-headed hydra
 14148 | Lair:1   | Reached skill level 1 in Armour
 14404 | Lair:1   | Reached skill level 10 in Fighting
 15446 | Lair:2   | Found a dark tunnel.
 15471 | Volcano  | Entered a volcano
 15615 | Volcano  | Noticed a two-headed ogre
 15615 | Volcano  | Noticed a hell hog
 15624 | Volcano  | Killed a two-headed ogre
 15640 | Volcano  | Killed a hell hog
 16749 | Lair:2   | Reached XP level 13. HP: 104/104 MP: 17/19
 16805 | Lair:2   | Reached skill level 5 in Stealth
 16843 | Lair:2   | Reached **** piety under Zin
 17851 | Lair:2   | Reached skill level 10 in Throwing
 18252 | Lair:3   | Found a staircase to the Snake Pit.
 19202 | Lair:3   | Found a staircase to the Swamp.
 19228 | Lair:3   | Killed from afar by a will-o-the-wisp

Illustrated notes

Levels and vault maps discovered:
D:1:      dpeg_arrival_solitude, layout_basic, serial_park_tiny_1
D:2:      wander_river, layout_basic, reono_crystal_passage
D:3:      layout_loops_ring, serial_forest, infiniplex_forest_clump_curved,
          infiniplex_forest_corner_2, infiniplex_forest_clump_small,
          infiniplex_forest_end_3, infiniplex_forest_lined_room_2,
          infiniplex_forest_clump_curved, infiniplex_forest_lined_3,
          hellmonk_ecumenical_altar_run_dry, serial_shops, shop, minivault_14
D:4:      layout_layer_cave, nicolae_wu_jian_wuxing_cycle, uniq_grinder,
          uniq_edmund
D:5:      layout_rooms
D:6:      layout_basic, grunt_temple_overflow_open, ebering_ghost_sewer_f,
          hangedman_abyss_or_decor_stabs, uniq_blork_the_orc
D:7:      layout_layer_cave, nicolae_ru_path_of_blood,
          minmay_temple_entry_proselytizer
D:8:      layout_loops_ring
D:9:      layout_rooms, minitemple, overflow_temple_1_default, st_stairs_1
D:10:     gammafunk_corrupted_shrine, layout_rooms, erik_lair_dragon,
          st_stairs_1, uniq_josephine
Temple:   nicolae_temple_ecumenical_triangle
Lair:1:   layout_roguey
Lair:2:   layout_roguey, enter_volcano_2, serial_bayou_shore_a
Lair:3:   layout_chaotic_city, minmay_swamp_entry_wisps,
          nicolae_snake_entry_warm_welcome

Skill      XL: |  1  2  3  4  5  6  7  8  9 10 11 12 13 |
---------------+----------------------------------------+-----
Polearms       | 5 6 7 8 10 12 13 14 | 14.0
Fighting       | 3 4 5 7 8 9 10 11 | 11.0
Throwing       | 3 4 5 6 7 8 9 10 | 10.1
Dodging        | 5 6 7 9 10 11 12 13 | 13.3
Invocations    | 1 4 6 8 |  8.6
Stealth        | 4 5 |  5.9
Armour         | 2 3 |  3.5

Action                     |  1- 3 |  4- 6 |  7- 9 | 10-12 | 13-15 || total
---------------------------+-------+-------+-------+-------+-------++-------
  Melee: Trident           |   128 |   186 |   377 |  1164 |   281 ||  2136
         Punch             |     2 |       |     6 |     9 |       ||    17
  Throw: Throwing net      |       |     2 |     1 |       |       ||     3
         Dart              |       |       |     3 |       |       ||     3
         Boomerang         |       |       |     6 |    15 |    23 ||    44
         Javelin           |       |       |     1 |       |       ||     1
 Invoke: Donate Gold       |       |       |     1 |       |       ||     1
         Recite            |       |       |       |    10 |       ||    10
         Vitalisation      |       |       |       |     5 |     1 ||     6
  Evoke: Wand              |       |       |     2 |     4 |     1 ||     7
    Use: Scroll            |       |     9 |     5 |     7 |       ||    21
         Potion            |       |     1 |       |     4 |     2 ||     7
   Stab: Sleeping          |     2 |     2 |     1 |     2 |     5 ||    12
         Distracted        |     1 |       |     1 |     1 |       ||     3
         Confused          |       |       |       |     4 |       ||     4
 Armour: Leather armour    |    27 |    30 |    46 |     6 |       ||   109
         Acid dragon scale |       |       |       |   101 |    22 ||   123
  Dodge: Dodged            |    74 |   121 |   269 |   581 |   137 ||  1182
  Block: Other             |       |       |     6 |    88 |       ||    94
         Reflection        |       |       |     2 |     5 |     3 ||    10
         Buckler           |       |       |       |    64 |    77 ||   141
